 Dungeon Crawl Stone Soup version 0.32-a0-306-gfed3edf829 (webtiles) character file.

Game seed: 13774577652555242046

104 PriceMaster the Digger (level 4, -5/27 HPs)
             Began as an Octopode Earth Elementalist on Feb 14, 2024.
             Slain by Robin
             ... wielding a +4 short sword
              (7 damage)
             ... on level 3 of the Dungeon on Feb 15, 2024.
             The game lasted 00:03:26 (1810 turns).

PriceMaster the Digger (OpEE)                       Turns: 1810, Time: 00:03:26

Health: -5/27      AC:  1    Str:  4 (7)  XL:     4   Next: 80%
Magic:  0/8        EV: 13    Int: 16 (19) God:
Gold:   54         SH:  5    Dex: 11 (12) Spells: 5/9 levels left

rFire   . . .        d - +0 short sword (drain)
rCold   . . .        (no shield)
rNeg    . . .        (helmet restricted)
rPois   .            g - amulet of reflection
rElec   .            (no ring)
rCorr   .            (no ring)
SInv    .            (no ring)
Will    +....        (no ring)
Stlth   +++          (no ring)
HPRegen 0.24/turn    (no ring)
MPRegen 0.11/turn    (no ring)
                     (no ring)

%: reflection
@: enlightened, flying
A: almost no armour, amphibious, 8 rings, camouflage 1, gelatinous body 1,
(nimble swimmer 1), tentacles
a: Convert to Beogh


You were on level 3 of the Dungeon.
You visited 1 branch of the dungeon, and saw 3 of its levels.

You collected 54 gold pieces.

Inventory:

Hand Weapons
 b - a +0 dagger
 d - a +0 short sword of draining (weapon)
 j - a +0 spear
Jewellery
 g - an amulet of reflection (around mantle)
Scrolls
 e - a scroll of silence
 f - a scroll of identify
 i - a scroll of vulnerability {unknown}
Potions
 a - a potion of magic
 m - a potion of brilliance {unknown}


   Skills:
 + Level 0.4 Fighting
 + Level 2.0 Dodging
 + Level 3.4 Stealth
 + Level 0.1 Shields
 + Level 0.6 Unarmed Combat
 + Level 3.2 Spellcasting
 + Level 1.0 Conjurations
 + Level 3.9 Earth Magic


You had 5 spell levels left.
You knew the following spells:

 Your Spells              Type           Power      Damage    Failure   Level
a - Sandblast             Erth           30%        2d9       3%          1
b - Stone Arrow           Conj/Erth      20%        3d8       19%         3

Your spell library contained the following spells:

 Spells                   Type           Power      Damage    Failure   Level
 Passwall                 Erth           15%        N/A       11%         3
 Tukima's Dance           Hex            2%         N/A       50%         3
 Brom's Barrelling Bould  Conj/Erth      10%        2d3       54%         4
 Petrify                  Alch/Erth      8%         N/A       63%         4
 Passage of Golubria      Tloc           2%         N/A       88%         4
 Yara's Violent Unravell  Hex/Alch       1%         3d3       99%         5


Dungeon Overview and Level Annotations

Branches:
Dungeon (3/15)

Altars:
Hepliaklqana

Shops:
D:3 *

Annotations:
D:3 Robin


Innate Abilities, Weirdness & Mutations

You cannot wear most types of armour.
You are amphibious.
You can wear up to eight rings at the same time.
Your skin changes colour to match your surroundings (Stealth+).
Your rubbery body absorbs attacks. (AC +1, EV +1)
((You are camouflaged when in or above water. (Stealth+)))
You have tentacles for arms and can constrict up to eight enemies at once.


Message History

Okay, then.
The blast of sand hits the goblin.
You kill the goblin!
The goblin completely misses you.
The blast of sand hits the goblin!
You kill the goblin!
Robin roars a battlecry!
The goblins go into a battle-frenzy!
The hobgoblin hits you. The goblin hits you with a +0 dagger.
You block the goblin's attack.
The blast of sand hits the goblin!
You kill the goblin!
The goblin hits you with a +0 club! The hobgoblin barely misses you.
The goblin misses you.
You are too injured to fight recklessly!
You are too injured to fight recklessly!
Casting: Sandblast (safe; 3% risk of failure)
Confirm with . or Enter, or press ? or * to list all spells.
Aiming: Sandblast (safe; 3% risk of failure)
Press: ? - help, Shift-Dir - straight line, f - hobgoblin
Aim: a hobgoblin (strong, 82% to hit)
The blast of sand hits the hobgoblin!
You kill the hobgoblin!
Robin throws the goblin at you! You block the goblin's attack.
You hit the goblin.
You kill the goblin!
The orc priest shouts, "Beogh offers mercy even to people such as you.
Join us and be reborn!" (press Y on the ability menu to convert to Beogh) It was a potion of degeneration.
There was something very wrong with that liquid.
You feel weakened.
You feel dopey.
You feel clumsy. Robin hits you with a +4 short sword!
* * * LOW HITPOINT WARNING * * *
The hobgoblin throws a stone.
The stone hits you.
* * * LOW HITPOINT WARNING * * *
It was a potion of enlightenment.
You feel very buoyant.
You fly up into the air.
Robin hits you with a +4 short sword!
You die...
Robin lets out a smug laugh.

##.### ##..(+.###.....
#...# ##....### ##..##
###.##....#... ##..#
####.....#..#.#.# #...
#......>...#.....# #...
#.................###.#.
#..................##...
#.....)†)..........##.##
#......@g.........<##.##
#......)†....o.....#..##
#.......g..............#
#.!.......#..........#..
#.......................
#...........[...........
#####.###...............
#. #..[...........
.............


You could see Robin, an orc priest and a hobgoblin (strong).

Vanquished Creatures
  An adder (D:2)
  2 orcs (D:3)
  6 endoplasms
  2 giant cockroaches
  12 goblins
  5 hobgoblins
  6 jackals (D:2)
  3 quokkas
  3 ball pythons
  6 bats
  A frilled lizard (D:1)
  2 kobolds (D:2)
49 creatures vanquished.

Notes
Turn   | Place    | Note
-------+----------+-------------------------------------------
     0 | D:1      | PriceMaster the Octopode Earth Elementalist began the quest
                  | for the Orb.
     0 | D:1      | Reached XP level 1. HP: 11/11 MP: 3/3
    87 | D:1      | Reached XP level 2. HP: 10/17 MP: 1/5
   599 | D:2      | Reached XP level 3. HP: 21/21 MP: 4/7
   603 | D:2      | Learned a level 3 spell: Stone Arrow
   646 | D:2      | Found a hazy altar of Hepliaklqana.
  1330 | D:2      | Reached XP level 4. HP: 27/27 MP: 4/8
  1643 | D:3      | Noticed Robin
  1671 | D:3      | Found Liguput's General Store.
  1810 | D:3      | Slain by Robin

Illustrated notes

Levels and vault maps discovered:
D:1:      dpeg_arrival_connections, layout_rooms
D:2:      layout_loops_cross, basic_altar
D:3:      layout_rooms, serial_shops, shop, nicolae_shop_scrapyard,
          nicolae_shop_rolling_square, nicolae_shop_statue_plus, shop,
          uniq_robin

Skill      XL: |  1  2  3 |
---------------+----------+-----
Stealth        | 3 |  3.4
Spellcasting   | 3 |  3.2
Fighting       | |  0.4
Dodging        | |  2.0
Shields        | |  0.1
Unarmed Combat | |  0.6
Conjurations   | |  1.0
Earth Magic    | |  3.9

Action                     |  1- 3 |  4- 6 || total
---------------------------+-------+-------++-------
  Melee: Unarmed           |    10 |       ||    10
         Dagger            |     2 |       ||     2
         Constrict         |     3 |     2 ||     5
         Tentacles         |     1 |     1 ||     2
         Short sword       |     3 |    15 ||    18
   Cast: Sandblast         |    26 |    16 ||    42
         Stone Arrow       |     6 |     4 ||    10
    Use: Potion            |       |     5 ||     5
         Scroll            |       |     3 ||     3
   Stab: Sleeping          |     1 |       ||     1
 Armour: Skin              |     6 |    37 ||    43
  Dodge: Dodged            |    11 |    35 ||    46
  Block: Other             |     4 |    16 ||    20

Table legend: (Time is in decaauts)
 A = Elapsed time spent in this place.
 B = Non-inter-level travel time spent in this place.
 C = Inter-level travel time spent in this place.
 D = Time resting spent in this place.
 E = Time spent auto-exploring this place.
 F = Levels seen in this place.
 G = Mean time per level.
                   A        B        C        D        E       F      G
               +--------+--------+--------+--------+--------+-----+--------+
         Total |   1829 |   1766 |     63 |     53 |   1410 |   3 |  609.7 |
       Dungeon |   1829 |   1766 |     63 |     53 |   1410 |   3 |  609.7 |
               +--------+--------+--------+--------+--------+-----+--------+

Top non-repeatable levels by time:
     D:2: 1048 daAuts
     D:1: 594 daAuts
     D:3: 186 daAuts
